[Event "Titled Tuesday Blitz March 08 Early 2022"]
[White "Hess, Max"]
[Black "Kamsky, Gata"]
[WhiteFideId "24656666"]
[BlackFideId "2000024"]
[WhiteElo "2276"]
[BlackElo "2645"]
[Result "0-1"]
[Round "07"]
[TimeControl "180+1"]
[Date "2022.03.08"]
[WhiteClock "0:00:01"]
[BlackClock "0:00:48"]

1. d4 Nf6 2. Nf3 g6 3. g3 Bg7 4. Bg2 O-O 5. O-O d5 6. c4 c6 7. b3 a5 8. Nc3 Ne4 9. Bb2 Bf5 10. e3 Nxc3 11. Bxc3 Be4 12. Qe2 e6 13. Rfc1 Nd7 14. Ne1 Bxg2 15. Kxg2 Qb6 16. Nd3 Qa6 17. Nf4 Rfe8 18. cxd5 Qxe2 19. Nxe2 exd5 20. Nf4 Bf8 21. Nd3 Bd6 22. a4 f6 23. Bb2 Kf7 24. Ba3 Bxa3 25. Rxa3 Nb6 26. Nc5 Ra7 27. Ra2 Nc8 28. Rac2 Nd6 29. Nd3 g5 30. g4 Raa8 31. Rh1 Re4 32. h3 h5 33. Nc5 Re7 34. gxh5 Rh8 35. h4 g4 36. Kg3 f5 37. Nd3 Rxh5 38. Nf4 Rh6 39. h5 Ne4+ 40. Kg2 Kf6 41. f3 Ng5 42. fxg4 fxg4 43. Kf2 Kf5 44. Ke2 Ne6 45. Nxe6 Rhxe6 46. Rc3 Kg5 47. Kd2 Rf6 48. Rh2 Rh7 49. Ke2 Rxh5 50. Rxh5+ Kxh5 51. Rc5 g3 0-1


[Site "https://www.chess.com"]

[Event "Titled Tuesday Blitz March 08 Early 2022"]
[White "Iljin, Timofey"]
[Black "Goltsev, Dmitry"]
[WhiteFideId "14110180"]
[BlackFideId "24176710"]
[WhiteElo "2396"]
[BlackElo "2273"]
[Result "1-0"]
[Round "07"]
[TimeControl "180+1"]
[Date "2022.03.09"]
[WhiteClock "0:00:07"]
[BlackClock "0:00:07"]

1. e4 d5 2. exd5 Qxd5 3. Nc3 Qa5 4. d4 Nf6 5. Nf3 Bg4 6. Bc4 e6 7. h3 Qh5 8. Be2 Nc6 9. O-O Bxh3 10. gxh3 Qxh3 11. Bf4 O-O-O 12. Re1 g5 13. Bf1 Qg4+ 14. Bg3 Bc5 15. Ne5 Nxe5 16. Qxg4 Nexg4 17. dxc5 Rd2 18. Bd3 h5 19. Nb1 Rxd3 20. cxd3 Nd7 21. f3 Nh6 22. d4 Nf5 23. Bf2 g4 24. fxg4 hxg4 25. Nc3 g3 26. Be3 Rh2 27. Re2 Rxe2 28. Nxe2 Nxe3 29. Nxg3 Nf6 30. Re1 Nfd5 31. Re2 Kd7 32. Nf1 Nf5 33. Nd2 Nxd4 34. Rf2 f5 35. a3 e5 36. Rh2 e4 37. Rh4 f4 38. Rh7+ Ke6 39. Nxe4 Ke5 40. Nd2 Ne6 41. Kf2 Nxc5 42. Rh5+ Kd6 43. Nc4+ Ke6 44. Re5+ Kf6 45. Rxd5 Ne6 46. Rd7 Kf5 47. Rf7+ Ke4 48. Rf6 Kd5 49. Nd2 Nc5 50. b4 Nd3+ 51. Kf3 c6 52. Ne4 a6 53. Rd6+ Kc4 54. Nd2+ Kc3 55. Ne4+ Kc4 56. Rd8 b6 57. Nd6+ Kb3 58. Nc8 b5 59. Rxd3+ Kc4 60. Ke4 c5 61. bxc5 Kxc5 62. Nd6 a5 63. Nb7+ Kb6 64. Nxa5 Kxa5 65. Kxf4 Ka4 66. Ke4 Ka5 67. Kd4 Ka4 68. Kc5 b4 69. Rd4 Ka5 70. axb4+ Ka6 71. b5+ Ka5 72. b6 Ka6 73. Kc6 Ka5 74. Re4 Ka6 75. Ra4# 1-0


[Site "https://www.chess.com"]

[Event "Titled Tuesday Blitz March 08 Early 2022"]
[White "Iskusnyh, Sergei"]
[Black "Stefanov, Plamen"]
[WhiteFideId "4120027"]
[BlackFideId "2900980"]
[WhiteElo "2492"]
[BlackElo "2137"]
[Result "1-0"]
[Round "07"]
[TimeControl "180+1"]
[Date "2022.03.09"]
[WhiteClock "0:00:57"]
[BlackClock "0:00:42"]

1. d4 Nf6 2. c4 c5 3. d5 b5 4. Qc2 bxc4 5. e4 d6 6. Bxc4 g6 7. Nf3 Bg7 8. O-O O-O 9. h3 a5 10. a4 Na6 11. Nc3 Nb4 12. Qe2 Nd7 13. Bg5 h6 14. Bf4 Ne5 15. Nxe5 dxe5 16. Be3 Ba6 17. Bxa6 Nxa6 18. Nb5 f5 19. f3 f4 20. Bf2 Rf6 21. Rac1 Qb6 22. Qc4 Rc8 23. d6+ Kh7 24. dxe7 Qe6 25. Rfd1 Qxe7 26. Rd5 Bf8 27. Rcd1 Nb4 28. Rd7 Rd8 29. Rxe7+ Bxe7 30. Rxd8 Bxd8 31. Qxc5 Rc6 32. Qa7+ Kh8 33. Qb8 Rc1+ 34. Kh2 Rd1 35. Qxe5+ Kh7 36. Bd4 1-0


[Site "https://www.chess.com"]

[Event "Titled Tuesday Blitz March 08 Early 2022"]
[White "Istvanovszki, Martin"]
[Black "Avila Pavas, Santiago"]
[WhiteFideId "726958"]
[BlackFideId "4437128"]
[WhiteElo "2345"]
[BlackElo "2242"]
[Result "0-1"]
[Round "07"]
[TimeControl "180+1"]
[Date "2022.03.09"]
[WhiteClock "0:00:20"]
[BlackClock "0:00:48"]

1. e4 Nf6 2. Nc3 d5 3. e5 d4 4. Nce2 Ng4 5. f4 c5 6. h3 Nh6 7. Nf3 Nc6 8. g4 f6 9. d3 fxe5 10. fxe5 Nf7 11. Bf4 g6 12. Ng3 Bg7 13. Qe2 O-O 14. Bg2 Qa5+ 15. Kd1 Be6 16. Re1 Rad8 17. Ne4 h6 18. g5 h5 19. Nf6+ Kh8 20. Nh4 exf6 21. exf6 Rfe8 22. Nxg6+ Kg8 23. Ne7+ Nxe7 24. Qxe6 Ng6 25. Qxe8+ Rxe8 26. Rxe8+ Bf8 27. Bd2 Qb5 28. Rd8 Nxd8 0-1


[Site "https://www.chess.com"]

[Event "Titled Tuesday Blitz March 08 Early 2022"]
[White "Jacobson, Aaron"]
[Black "Korkmaz, Necmettin"]
[WhiteFideId "2089912"]
[BlackFideId "6303285"]
[WhiteElo "2265"]
[BlackElo "2094"]
[Result "1-0"]
[Round "07"]
[TimeControl "180+1"]
[Date "2022.03.09"]
[WhiteClock "0:01:40"]
[BlackClock "0:00:57"]

1. e4 e5 2. d4 exd4 3. Qxd4 Nc6 4. Qd3 Nf6 5. Nc3 Bb4 6. Bd2 O-O 7. O-O-O Re8 8. Nge2 d6 9. Bg5 Be6 10. f4 Qc8 11. Bxf6 gxf6 12. f5 Bd7 13. Nd5 Qd8 14. Nef4 Kh8 15. Nh5 Ne5 16. Qh3 Rg8 17. Nxb4 Ng4 18. Rd2 Qe7 19. Nd5 Qxe4 20. Nhxf6 Qxf5 21. Bd3 Nxf6 22. Bxf5 Bxf5 23. Qxf5 Nxd5 24. Qxd5 Rg7 25. Qd4 1-0


[Site "https://www.chess.com"]

[Event "Titled Tuesday Blitz March 08 Early 2022"]
[White "Jobava, Baadur"]
[Black "Nakamura, Hikaru"]
[WhiteFideId "13601520"]
[BlackFideId "2016192"]
[WhiteElo "2617"]
[BlackElo "2850"]
[Result "1/2-1/2"]
[Round "07"]
[TimeControl "180+1"]
[Date "2022.03.08"]
[WhiteClock "0:00:19"]
[BlackClock "0:00:10"]

1. e4 c5 2. Nf3 e6 3. d4 cxd4 4. Nxd4 a6 5. Bd3 Qc7 6. c4 Nf6 7. Nc3 Nc6 8. Nxc6 dxc6 9. O-O e5 10. Kh1 Bc5 11. f4 O-O 12. Qf3 b5 13. fxe5 Ng4 14. Bf4 Nxe5 15. Qg3 f6 16. cxb5 axb5 17. Rac1 Qe7 18. Bc2 Bd6 19. Bb3+ Be6 20. Bxe6+ Qxe6 21. a3 Rad8 22. h3 Kh8 23. Rfd1 g5 24. Bxe5 Bxe5 25. Qf3 Rd6 26. Rxd6 Bxd6 27. Qf5 Qxf5 28. exf5 Be5 29. Kg1 Rd8 30. Rd1 Re8 31. Rd3 Rb8 32. b3 b4 33. axb4 Rxb4 34. Ne2 h5 35. Kf2 h4 36. Kf3 Kg7 37. Ke3 Kf8 38. Kd2 Rb5 39. Kc2 Ra5 40. Kd2 Ra2+ 41. Ke3 Rb2 42. Kf3 Ke8 43. Ke3 Ke7 44. Kf3 Ra2 45. Nd4 Ra6 46. Ne6 Ra5 47. Nd8 Rc5 48. Ne6 Rc2 49. Re3 Kd6 50. Rd3+ Ke7 51. Re3 Kd6 52. Rd3+ Ke7 1/2-1/2


[Site "https://www.chess.com"]

[Event "Titled Tuesday Blitz March 08 Early 2022"]
[White "Johnson, Ben"]
[Black "Qashashvili, Alexandre"]
[WhiteFideId "2010917"]
[BlackFideId "13600842"]
[WhiteElo "2195"]
[BlackElo "2316"]
[Result "1-0"]
[Round "07"]
[TimeControl "180+1"]
[Date "2022.03.09"]
[WhiteClock "0:00:11"]
[BlackClock "0:00:25"]

1. Nf3 c6 2. c4 d5 3. e3 Nf6 4. Nc3 e6 5. b3 Be7 6. Bb2 O-O 7. Qc2 Nbd7 8. Rg1 Qa5 9. g4 Ba3 10. g5 Ne4 11. Nxe4 dxe4 12. Bxa3 Qxa3 13. Qxe4 Nc5 14. Qc2 Rd8 15. d4 Qb4+ 16. Ke2 Nd7 17. h4 e5 18. Rd1 exd4 19. Rxd4 c5 20. Rd5 b6 21. Ne5 g6 22. Nc6 Qa3 23. Nxd8 Nf8 24. Bg2 Bg4+ 25. Bf3 Bf5 26. Be4 Bxe4 27. Qxe4 Qxa2+ 28. Rd2 Qxb3 29. Qxa8 Qxc4+ 30. Kf3 Qxh4 31. Qe4 Qh3+ 32. Rg3 Qh1+ 33. Kf4 Qh4+ 34. Ke5 f6+ 35. gxf6 Qh5+ 36. Kd6 c4 37. Qd5+ Kh8 38. Qxh5 gxh5 39. Ke7 h6 40. Kxf8 h4 41. Rg8+ Kh7 42. Rd7# 1-0


[Site "https://www.chess.com"]

[Event "Titled Tuesday Blitz March 08 Early 2022"]
[White "Kadam, Om Manish"]
[Black "Barrientos, Sergio E"]
[WhiteFideId "45076294"]
[BlackFideId "4401824"]
[WhiteElo "1729"]
[BlackElo "2397"]
[Result "1-0"]
[Round "07"]
[TimeControl "180+1"]
[Date "2022.03.09"]
[WhiteClock "0:01:27"]
[BlackClock "0:01:18"]

1. e4 c5 2. Nf3 d6 3. d4 Nf6 4. Nc3 cxd4 5. Nxd4 g6 6. Be3 a6 7. f3 Nbd7 8. Qd2 Bg7 9. g4 b5 10. h3 Bb7 11. a3 Rc8 12. Be2 O-O 13. h4 Ne5 14. h5 Qd7 15. hxg6 fxg6 16. Bh6 Bxh6 17. Qxh6 Rxc3 18. bxc3 Rc8 19. g5 Nh5 20. Rxh5 gxh5 21. Ne6 Kf7 22. Qxh7+ 1-0


[Site "https://www.chess.com"]

[Event "Titled Tuesday Blitz March 08 Early 2022"]
[White "Kaganskiy, Gleb"]
[Black "Rodchenkov, Sergey D."]
[WhiteFideId "4132025"]
[BlackFideId "4168712"]
[WhiteElo "2165"]
[BlackElo "2306"]
[Result "0-1"]
[Round "07"]
[TimeControl "180+1"]
[Date "2022.03.09"]
[WhiteClock "0:02:06"]
[BlackClock "0:01:30"]

1. e4 c5 2. Nf3 d6 3. d4 cxd4 4. Nxd4 Nf6 5. Nc3 a6 6. Bg5 e6 7. f4 h6 8. Bh4 Qb6 9. Nb3 Qe3+ 10. Be2 Nxe4 11. Nxe4 Qxe4 12. O-O Nc6 13. Qd2 Qb4 14. c3 Qb6+ 15. Kh1 Be7 16. Bxe7 Nxe7 17. Rad1 d5 18. c4 O-O 19. cxd5 Nxd5 20. Bf3 Ne3 21. Qf2 Qa7 22. Rfe1 Nxd1 23. Rxd1 Qxf2 0-1


[Site "https://www.chess.com"]

[Event "Titled Tuesday Blitz March 08 Early 2022"]
[White "Kamara, Ansumana"]
[Black "Matveeva, Olga"]
[WhiteFideId "1622218"]
[BlackFideId "24107018"]
[WhiteElo "1935"]
[BlackElo "2083"]
[Result "0-1"]
[Round "07"]
[TimeControl "180+1"]
[Date "2022.03.09"]
[WhiteClock "0:00:59"]
[BlackClock "0:01:12"]

1. e4 e6 2. d4 d5 3. Nc3 Nf6 4. e5 Nfd7 5. f4 c5 6. Nf3 Nc6 7. Be3 cxd4 8. Nxd4 Bc5 9. Qd2 O-O 10. O-O-O a6 11. g4 Bxd4 12. Bxd4 b5 13. h4 b4 14. Ne2 a5 15. Kb1 Ba6 16. g5 Qc7 17. Nc1 Rfc8 18. Bxa6 Rxa6 19. h5 Nxd4 20. Qxd4 Qxc2+ 21. Ka1 Nc5 22. Rd2 Qe4 23. Qxe4 Nxe4 24. Rg2 a4 25. g6 Rac6 26. gxh7+ Kxh7 27. Kb1 a3 28. bxa3 bxa3 29. Nb3 Rc3 30. Rhg1 Rg8 31. Rc2 Rxc2 32. Kxc2 Rc8+ 33. Kd3 Rc3+ 34. Kd4 Rc2 35. Nc1 Rh2 36. Re1 Rxh5 37. Re3 Rh4 38. Ne2 Rh2 39. f5 exf5 40. Kxd5 Rxe2 41. Rxe2 Nc3+ 42. Kc4 Nxe2 43. Kb4 f4 44. Kxa3 f3 45. Kb4 f2 46. a4 f1=Q 47. a5 Qb1+ 48. Kc5 Qa2 49. Kb6 Qb3+ 50. Ka7 Nd4 51. a6 Nc6+ 52. Ka8 Qb8# 0-1


[Site "https://www.chess.com"]

[Event "Titled Tuesday Blitz March 08 Early 2022"]
[White "Karolczuk, Iwo"]
[Black "Martin Duque, Jesus"]
[WhiteFideId "21816972"]
[BlackFideId "2208954"]
[WhiteElo "2243"]
[BlackElo "2243"]
[Result "1-0"]
[Round "07"]
[TimeControl "180+1"]
[Date "2022.03.09"]
[WhiteClock "0:00:04"]
[BlackClock "0:01:55"]

1. e4 c5 2. Nf3 e6 3. d4 cxd4 4. Nxd4 b6 5. Bd3 a6 6. c4 Qc7 7. Nc3 Bb7 8. Qe2 Nc6 9. Nxc6 Bxc6 10. Nd5 Qb7 11. O-O b5 12. cxb5 axb5 13. Bxb5 Ne7 14. Bxc6 Nxc6 15. Bf4 e5 16. Be3 Be7 17. Rfb1 O-O 18. b4 Bd6 19. a4 Nd4 20. Bxd4 exd4 21. a5 f5 22. Qc4 Kh8 23. Qxd4 fxe4 24. Nb6 Qb8 25. Nxa8 Bxh2+ 26. Kh1 Be5 27. Qxe4 Bxa1 28. Rxa1 Rf4 29. Qe3 Rh4+ 30. Kg1 Qxa8 31. b5 Qb8 32. Qg3 Rf4 33. a6 Qe5 34. Rb1 Qe4 35. Rf1 Rg4 36. Qb8+ Qe8 37. Qxe8# 1-0


[Site "https://www.chess.com"]

[Event "Titled Tuesday Blitz March 08 Early 2022"]
[White "Kett, Tim"]
[Black "Aaditya Dhingra"]
[WhiteFideId "1801210"]
[BlackFideId "25678191"]
[WhiteElo "2098"]
[BlackElo "1849"]
[Result "0-1"]
[Round "07"]
[TimeControl "180+1"]
[Date "2022.03.09"]
[WhiteClock "0:00:03"]
[BlackClock "0:01:05"]

1. e4 e5 2. f4 exf4 3. Nf3 Nf6 4. Nc3 Bb4 5. e5 Nh5 6. Nd5 Nc6 7. c3 Be7 8. Bc4 Bh4+ 9. g3 fxg3 10. O-O gxh2+ 11. Kxh2 Bg3+ 12. Kg2 O-O 13. d4 d6 14. Ng5 g6 15. Nf6+ Nxf6 16. Rxf6 dxe5 17. Rxf7 Rxf7 18. Bxf7+ Kg7 19. Kxg3 h6 20. Ne6+ Bxe6 21. Bxe6 exd4 22. Qd2 Qd6+ 23. Qf4 Qxe6 24. Qxh6+ Kg8 25. Bd2 Ne7 26. Qg5 Nf5+ 27. Kh2 Kf7 28. Re1 Rh8+ 29. Kg2 Qd5+ 0-1


[Site "https://www.chess.com"]

[Event "Titled Tuesday Blitz March 08 Early 2022"]
[White "Khabinets, Ivan"]
[Black "Zanette, Edgard Vinicius"]
[WhiteFideId "14115980"]
[BlackFideId "2109263"]
[WhiteElo "2114"]
[BlackElo "2182"]
[Result "0-1"]
[Round "07"]
[TimeControl "180+1"]
[Date "2022.03.09"]
[WhiteClock "0:00:23"]
[BlackClock "0:00:40"]

1. e4 e5 2. Nf3 Nc6 3. Bb5 a6 4. Ba4 Nf6 5. Nc3 b5 6. Bb3 Bc5 7. O-O O-O 8. Re1 d6 9. Nd5 Na5 10. Nxf6+ Qxf6 11. h3 Nxb3 12. axb3 Bb7 13. d3 h6 14. Be3 Bxe3 15. Rxe3 c5 16. Nh2 Qe6 17. Nf1 f5 18. f3 f4 19. Re2 Rae8 20. c3 Rf6 21. d4 exd4 22. cxd4 cxd4 23. Qxd4 Qxb3 24. Rc1 Qf7 25. Rec2 Re7 26. Qb6 d5 27. Qd8+ Re8 28. Qa5 dxe4 29. Rc7 Qd5 30. Qb4 exf3 31. R1c5 Qe4 32. Qxe4 Bxe4 33. gxf3 Bxf3 34. Nd2 Bh5 35. Ra7 Re1+ 36. Kf2 Re2+ 37. Kf1 Rxd2 0-1


[Site "https://www.chess.com"]

[Event "Titled Tuesday Blitz March 08 Early 2022"]
[White "Kobalia, Mikhail"]
[Black "Dubov, Daniil"]
[WhiteFideId "4119150"]
[BlackFideId "24126055"]
[WhiteElo "2667"]
[BlackElo "2791"]
[Result "0-1"]
[Round "07"]
[TimeControl "180+1"]
[Date "2022.03.08"]
[WhiteClock "0:00:49"]
[BlackClock "0:00:57"]

1. e4 a6 2. c4 e5 3. Nf3 Nc6 4. Nc3 Nf6 5. d4 exd4 6. Nxd4 Bb4 7. Nxc6 bxc6 8. e5 Ne4 9. Qg4 Nxc3 10. Qxg7 Ne4+ 11. Ke2 Rf8 12. f3 Nc5 13. Bh6 Ne6 14. Qg4 Rb8 15. a3 Be7 16. b4 d5 17. Kf2 f5 18. Qh5+ Rf7 19. Bd3 dxc4 20. Bxf5 Qd4+ 21. Be3 Qb2+ 0-1


[Site "https://www.chess.com"]

[Event "Titled Tuesday Blitz March 08 Early 2022"]
[White "Kohler, Aran"]
[Black "Sargissyan, Sargis"]
[WhiteFideId "1002856"]
[BlackFideId "13303210"]
[WhiteElo "2276"]
[BlackElo "2174"]
[Result "0-1"]
[Round "07"]
[TimeControl "180+1"]
[Date "2022.03.09"]
[WhiteClock "0:00:20"]
[BlackClock "0:00:27"]

1. d4 Nf6 2. c3 g6 3. Bg5 Bg7 4. Nd2 O-O 5. e3 b6 6. Bd3 Bb7 7. Ngf3 d5 8. h4 Ne4 9. h5 Nxg5 10. Nxg5 e5 11. Nxh7 e4 12. Nxf8 exd3 13. Nxg6 fxg6 14. hxg6 Qg5 15. Qf3 Qxg6 16. O-O-O Nd7 17. Rh3 Rf8 18. Qg3 Qxg3 19. Rxg3 Rxf2 20. Rf1 Rxf1+ 21. Nxf1 Nf6 22. Nd2 Ne4 23. Nxe4 dxe4 24. c4 Kf7 25. Kd2 c5 26. d5 Bc8 27. b3 Bf6 28. a3 Bh4 29. Rh3 Bxh3 30. gxh3 a5 31. a4 Bg3 32. Kd1 Kg6 33. Kd2 Kh5 0-1


[Site "https://www.chess.com"]

[Event "Titled Tuesday Blitz March 08 Early 2022"]
[White "Kosakowski, Jakub"]
[Black "Liyanage, Ranindu Dilshan"]
[WhiteFideId "1185080"]
[BlackFideId "9915834"]
[WhiteElo "2476"]
[BlackElo "1858"]
[Result "1-0"]
[Round "07"]
[TimeControl "180+1"]
[Date "2022.03.09"]
[WhiteClock "0:01:01"]
[BlackClock "0:01:50"]

1. d4 Nf6 2. c4 e6 3. Nf3 d5 4. g3 Be7 5. Bg2 O-O 6. O-O dxc4 7. Qc2 a6 8. a4 Nc6 9. Qxc4 Na5 10. Qc2 b6 11. Ne5 Bb7 12. Bxb7 Nxb7 13. Nc6 Qe8 14. Rd1 Bc5 15. Ne5 Bd6 16. Nd2 h6 17. b3 c5 18. Ndc4 cxd4 19. Nxd6 Nxd6 20. Ba3 Rc8 21. Qd3 Nf5 22. Bxf8 Qxf8 23. Qxa6 Ne4 24. g4 Nc5 25. Qxb6 Rb8 26. Qc7 Ne7 27. Qxc5 1-0


[Site "https://www.chess.com"]

[Event "Titled Tuesday Blitz March 08 Early 2022"]
[White "Kosteniuk, Alexandra"]
[Black "Al-Tarboush, Ward"]
[WhiteFideId "4128125"]
[BlackFideId "7601450"]
[WhiteElo "2469"]
[BlackElo "2276"]
[Result "1-0"]
[Round "07"]
[TimeControl "180+1"]
[Date "2022.03.09"]
[WhiteClock "0:00:10"]
[BlackClock "0:00:05"]

1. e4 e6 2. d4 d5 3. Nc3 Nf6 4. Bg5 dxe4 5. Nxe4 Be7 6. Bxf6 gxf6 7. Ng3 c5 8. dxc5 Qxd1+ 9. Rxd1 Bxc5 10. Ne4 Be7 11. Ne2 Nc6 12. N2g3 f5 13. Nd6+ Bxd6 14. Rxd6 Ke7 15. Rd2 Rg8 16. a3 Bd7 17. f4 Rad8 18. Be2 Bc8 19. Rxd8 Rxd8 20. c3 b6 21. Kf2 Na5 22. Re1 Rd2 23. b4 Nc4 24. Kg1 Nd6 25. c4 Rc2 26. Bd3 Rc3 27. Nxf5+ Nxf5 28. Bxf5 Rxc4 29. Bxh7 Rxf4 30. Be4 f5 31. Bf3 Rc4 32. Kf2 Kf6 33. g3 e5 34. Re3 Rc2+ 35. Re2 Rc3 36. Re3 Rc2+ 37. Re2 Rc1 38. h4 Ba6 39. Re3 Rc2+ 40. Kg1 e4 41. Bg2 Ke5 42. h5 Kd4 43. Re1 e3 44. h6 Rc7 45. Rd1+ Ke5 46. Bf3 Rh7 47. Rd5+ Ke6 48. Rd8 Ke7 49. Rd5 Kf6 50. Rd6+ Kg5 51. Re6 f4 52. Re5+ Kf6 53. gxf4 Rxh6 54. Rxe3 Rh4 55. Bc6 Rxf4 56. b5 Bc8 57. Re8 Be6 58. Ra8 Ra4 59. Rf8+ Ke5 60. Rf3 Kd4 61. Rf4+ 1-0


[Site "https://www.chess.com"]

[Event "Titled Tuesday Blitz March 08 Early 2022"]
[White "Kostiukov, Alexandr"]
[Black "Flis, Pawel"]
[WhiteFideId "14108100"]
[BlackFideId "1112864"]
[WhiteElo "2202"]
[BlackElo "1735"]
[Result "1-0"]
[Round "07"]
[TimeControl "180+1"]
[Date "2022.03.09"]
[WhiteClock "0:00:09"]
[BlackClock "0:00:03"]

1. e4 c5 2. Nf3 d6 3. d4 Nf6 4. e5 dxe5 5. dxe5 Qxd1+ 6. Kxd1 Nd5 7. c4 Nc7 8. Nc3 Nc6 9. Be3 b6 10. Bd3 Bg4 11. Be4 O-O-O+ 12. Ke1 Bxf3 13. gxf3 Nd4 14. a4 f5 15. exf6 exf6 16. a5 f5 17. axb6 axb6 18. Bxd4 fxe4 19. Be5 exf3 20. Bxc7 Kxc7 21. Nb5+ Kc6 22. Ra7 Re8+ 23. Kd1 Re7 24. Ra8 g6 25. Re1 Rxe1+ 26. Kxe1 Bg7 27. Ra7 Be5 28. Re7 Bxh2 29. Nc3 Kd6 30. Nd5 g5 31. Rb7 Kc6 32. Rxb6+ Kd7 33. Rh6 Be5 34. b3 g4 35. Rh5 1-0


[Site "https://www.chess.com"]

[Event "Titled Tuesday Blitz March 08 Early 2022"]
[White "Kouskoutis, Georgios-Alexandros"]
[Black "Kirillov, Dmitry"]
[WhiteFideId "4234049"]
[BlackFideId "34180572"]
[WhiteElo "2130"]
[BlackElo "2076"]
[Result "1/2-1/2"]
[Round "07"]
[TimeControl "180+1"]
[Date "2022.03.09"]
[WhiteClock "0:00:03"]
[BlackClock "0:00:01"]

1. c4 e5 2. g3 c6 3. Bg2 d5 4. cxd5 cxd5 5. d4 e4 6. Nc3 Bb4 7. f3 exf3 8. Nxf3 Nf6 9. Bg5 Be6 10. Qa4+ Nc6 11. Ne5 Bxc3+ 12. bxc3 O-O 13. O-O Nxe5 14. dxe5 Qb6+ 15. Qd4 Nd7 16. Be7 Rfc8 17. Kh1 Rc4 18. Qxb6 Nxb6 19. Rfc1 Na4 20. Rab1 b6 21. Rb4 Rxc3 22. Rd1 Nc5 23. Bxc5 Rxc5 24. Rbd4 g6 25. h4 Rac8 26. Bxd5 Bxd5+ 27. Rxd5 Rxd5 28. Rxd5 Rc2 29. a4 Rxe2 30. a5 bxa5 31. Rxa5 Re3 32. Kg2 h5 33. Kf2 Re4 34. Kf3 Re1 35. Kf2 Rb1 36. Rxa7 Kf8 37. Rc7 Rb5 38. e6 fxe6 39. Kf3 Rf5+ 40. Ke4 Rf7 41. Rc6 Re7 42. Ke5 Kf7 43. Ra6 Re8 44. Ra7+ Re7 45. Ra1 Re8 46. Rf1+ Kg7 47. Rf6 Ra8 48. Rxe6 Ra3 49. Kf4 Ra4+ 50. Re4 Ra3 51. Re3 Ra1 52. Re6 Kf7 53. Rb6 Ra4+ 54. Kf3 Ra3+ 55. Kg2 Ra4 56. Kh3 Ra3 57. Rb4 Rf3 58. Rb7+ Kf6 59. Rb6+ Kf5 60. Rb5+ Kf6 61. Rb6+ Kf5 62. Rb5+ Ke4 63. Rg5 Rf6 64. g4 hxg4+ 65. Kxg4 Rf4+ 66. Kg3 Rf3+ 67. Kg2 Rf6 68. Kg3 Rf3+ 69. Kg2 Rf6 70. Kg3 Rf3+ 1/2-1/2


[Site "https://www.chess.com"]

[Event "Titled Tuesday Blitz March 08 Early 2022"]
[White "Kovanova, Baira"]
[Black "Lima, Kleyton Alcantara"]
[WhiteFideId "4164083"]
[BlackFideId "22718397"]
[WhiteElo "2190"]
[BlackElo "1951"]
[Result "0-1"]
[Round "07"]
[TimeControl "180+1"]
[Date "2022.03.09"]
[WhiteClock "0:00:31"]
[BlackClock "0:02:00"]

1. e4 c5 2. Nf3 d6 3. d4 cxd4 4. Nxd4 Nf6 5. Nc3 a6 6. Be3 e5 7. Nf3 Be7 8. Bc4 O-O 9. O-O Nc6 10. Qe2 Na5 11. Bb3 b5 12. Rfd1 Nxb3 13. cxb3 Bb7 14. Nxe5 Qc7 15. Ng4 Nxe4 16. Nh6+ gxh6 17. Bxh6 Nf6 18. Rac1 Qd7 19. Nd5 Bxd5 20. Rxd5 Nxd5 21. Qd3 Qe6 22. Rd1 0-1


[Site "https://www.chess.com"]

[Event "Titled Tuesday Blitz March 08 Early 2022"]
[White "Kozak, Antoni"]
[Black "Ambartsumova, Karina"]
[WhiteFideId "21832030"]
[BlackFideId "4166299"]
[WhiteElo "2236"]
[BlackElo "2262"]
[Result "1-0"]
[Round "07"]
[TimeControl "180+1"]
[Date "2022.03.08"]
[WhiteClock "0:00:46"]
[BlackClock "0:00:01"]

1. c4 e6 2. Nf3 d5 3. g3 Nf6 4. Bg2 dxc4 5. Qa4+ c6 6. Qxc4 b5 7. Qc2 Bb7 8. O-O Be7 9. Nc3 Nbd7 10. a4 a6 11. Nd4 Qb6 12. Nb3 O-O 13. d4 c5 14. Bxb7 Qxb7 15. dxc5 Nxc5 16. Bg5 Nxb3 17. Qxb3 b4 18. Na2 a5 19. Nc1 Ne4 20. Bxe7 Qxe7 21. Qe3 Qb7 22. Nd3 Rac8 23. Rfc1 Qd5 24. Nf4 Qb7 25. Nh5 h6 26. Qd4 f6 27. Nf4 e5 28. Qd5+ Qxd5 29. Nxd5 Kf7 30. Nb6 Rxc1+ 31. Rxc1 Rd8 32. f3 Ng5 33. Rc7+ Kg6 34. Nc4 Rd1+ 35. Kf2 Rb1 36. Rc6 e4 37. h4 Nf7 38. fxe4 h5 39. e5 Kf5 40. exf6 gxf6 41. Rc5+ Kg4 42. Kg2 Ne5 43. Ne3# 1-0


[Site "https://www.chess.com"]

[Event "Titled Tuesday Blitz March 08 Early 2022"]
[White "Kushko, Dmitriy"]
[Black "Hernandez Jimenez, Alexander Andres"]
[WhiteFideId "14162261"]
[BlackFideId "3900452"]
[WhiteElo "2225"]
[BlackElo "2082"]
[Result "1-0"]
[Round "07"]
[TimeControl "180+1"]
[Date "2022.03.09"]
[WhiteClock "0:01:07"]
[BlackClock "0:00:08"]

1. Nf3 d5 2. g3 c6 3. Bg2 Nf6 4. O-O g6 5. b3 Bg7 6. Bb2 O-O 7. c4 a6 8. d3 b5 9. Nbd2 Nbd7 10. Qc2 Bb7 11. e4 Rc8 12. e5 Ng4 13. Rae1 h5 14. e6 fxe6 15. Bxg7 Kxg7 16. Ng5 Nc5 17. d4 Rf5 18. h4 Rxg5 19. hxg5 Ne4 20. Nxe4 dxe4 21. Qxe4 Rc7 22. f3 c5 23. Qe2 Qxd4+ 24. Kh1 h4 25. fxg4 Bxg2+ 26. Kxg2 h3+ 27. Kxh3 1-0


[Site "https://www.chess.com"]

[Event "Titled Tuesday Blitz March 08 Early 2022"]
[White "Lauridsen, Jesper Morch"]
[Black "Gulecyuz, Deniz"]
[WhiteFideId "1401890"]
[BlackFideId "30921341"]
[WhiteElo "2265"]
[BlackElo "1923"]
[Result "0-1"]
[Round "07"]
[TimeControl "180+1"]
[Date "2022.03.09"]
[WhiteClock "0:00:07"]
[BlackClock "0:00:24"]

1. e4 c5 2. Nf3 Nc6 3. d4 cxd4 4. Nxd4 Nf6 5. Nc3 e5 6. Nf5 d5 7. exd5 Bxf5 8. dxc6 Qxd1+ 9. Nxd1 bxc6 10. Ne3 Bg6 11. Be2 Bc5 12. O-O O-O 13. c3 Rfe8 14. Nc4 Rad8 15. Bg5 h6 16. Bxf6 gxf6 17. Rad1 Kf8 18. b4 Be7 19. Na5 c5 20. Nc6 Rxd1 21. Rxd1 cxb4 22. Nxe7 Kxe7 23. cxb4 Rc8 24. a4 Bc2 25. Rc1 Kd8 26. Bd1 Bd3 27. Rxc8+ Kxc8 28. f3 f5 29. Kf2 f6 30. Ke3 Bf1 31. g3 Kc7 32. Bc2 Bh3 33. a5 Kd6 34. Ba4 Bf1 35. b5 Kc5 36. b6 axb6 37. axb6 Kxb6 38. Bc2 Bh3 39. Bd1 Kc5 40. g4 fxg4 41. fxg4 Bg2 42. h4 Kd6 43. Bb3 Bd5 44. Bc2 Be6 45. Kf3 Kc5 46. Bg6 Kd4 47. Bh7 e4+ 48. Ke2 Bxg4+ 49. Kf2 f5 50. h5 f4 51. Bg6 e3+ 52. Ke1 f3 53. Bf7 f2+ 54. Kf1 Bh3+ 55. Ke2 f1=Q# 0-1


[Site "https://www.chess.com"]

[Event "Titled Tuesday Blitz March 08 Early 2022"]
[White "Lazavik, Denis"]
[Black "Zierk, Steven"]
[WhiteFideId "13515110"]
[BlackFideId "2034255"]
[WhiteElo "2437"]
[BlackElo "2494"]
[Result "0-1"]
[Round "07"]
[TimeControl "180+1"]
[Date "2022.03.08"]
[WhiteClock "0:00:06"]
[BlackClock "0:00:16"]

1. d4 d5 2. c4 dxc4 3. Nf3 Nf6 4. e3 e6 5. Bxc4 c5 6. O-O a6 7. dxc5 Qxd1 8. Rxd1 Bxc5 9. Be2 b6 10. Nc3 Nbd7 11. Nd2 Bb7 12. Nc4 O-O 13. Na4 Bd5 14. Nxc5 Bxc4 15. Bxc4 Nxc5 16. b3 Rac8 17. f3 b5 18. Be2 Nd5 19. Bd2 f5 20. Kf2 Rc7 21. Ba5 Rc6 22. Rd4 f4 23. exf4 Nxf4 24. Bb4 e5 25. Rd2 Ne4+ 26. fxe4 Nd3+ 27. Kg1 Nxb4 28. a4 bxa4 29. Bc4+ Kh8 30. Rxa4 Rb6 31. Ra5 Nc6 32. Rxa6 Rxa6 33. Bxa6 Nd4 34. Bc4 Rb8 35. Rb2 g5 36. Kf2 Kg7 37. Ke3 Kf6 38. Kd3 Ke7 39. Kc3 Rf8 40. Ra2 Rf4 41. Ra7+ Kd6 42. Ra6+ Kc7 43. Ra7+ Kd6 44. Rxh7 Rxe4 45. Rh6+ Kc7 46. Rg6 g4 47. b4 Rf4 48. b5 Nf5 49. b6+ Kb8 50. Rf6 Ne3 51. Rxf4 exf4 52. g3 f3 53. Bd3 f2 54. Kd4 f1=Q 55. Bxf1 Nxf1 56. Kc5 Kb7 57. Kd4 Nxh2 58. Ke4 Kxb6 59. Ke3 Kc5 60. Kf4 Kd4 61. Kg5 Ke3 0-1


[Site "https://www.chess.com"]